 Dungeon Crawl Stone Soup version 0.30-a0-457-g4b7bca3bfa (webtiles) character file.

Game seed: 13702314773666311949

145880 NinjaNoafa the Spry (level 16, -5/81 HPs)
             Began as a Felid Summoner on Dec 12, 2022.
             Was an Initiate of Gozag.
             Slain by the 27-headed Lernaean hydra (9 damage)
             ... on level 4 of the Swamp.
             The game lasted 03:22:12 (50763 turns).

NinjaNoafa the Spry (Felid Summoner)               Turns: 50763, Time: 03:22:12

Health: -5/81      AC: 16    Str:  1    XL:     16   Next: 88%
Magic:  31/43      EV: 43    Int: 27    God:    Gozag
Gold:   2444       SH:  0    Dex: 23    Spells: 4/41 levels left
                                        Lives:  0   Deaths: 5

rFire   . . .      SeeInvis +      - Unarmed
rCold   + . .      Faith    .    (shield unavailable)
rNeg    . . .      Spirit   .    (body armour unavailable)
rPois   ∞          Reflect  .    (helmet unavailable)
rElec   +          Harm     .    (cloak unavailable)
rCorr   .          Rampage  .    (gloves unavailable)
Will    +++..                    (boots unavailable)
Stlth   +++.......               C - amulet of magic regeneration
HPRegen 0.33/turn                Q - ring of Suspicion {rPois rC+ Will+ MP+9 Dex+6}
MPRegen 0.68/turn                F - ring of wizardry

@: storm-form, flying, very slightly contaminated, studying Dodging, invisible,
unable to read
A: cleaving, insubstantial, flying, very small, (claws 1), (fangs 3), see
invisible, (speed 1), (shaggy fur 3), (stealthy paws), no weapons or thrown
items, no armour, multi-lived, clever 1, (poison resistance), weak 1, inability
to read after injury 1
a: Blinkbolt, End Transformation, Renounce Religion, Potion Petition, Call
Merchant, Bribe Branch


You were on level 4 of the Swamp.
You worshipped Gozag.
Gozag was most pleased with you.
You were a lightning-filled tempest!
You visited 8 branches of the dungeon, and saw 33 of its levels.
You also visited: Ice Cave.

You collected 15313 gold pieces.
You spent 10424 gold pieces at shops.
You paid 2445 gold pieces to Gozag.

Inventory:

Jewellery
 p - a ring of resist corrosion
 u - the ring of the Hart {rElec Will- Str+2 Dex+6}
   (You found it on level 15 of the Dungeon)

   [ring of dexterity]

   Str:       It affects your strength (+2).
   Dex:       It affects your dexterity (+6).
   rElec:     It insulates you from electricity.
   Will:      It decreases your willpower.
 w - a ring of ice
 y - the ring of Tekaz {rC+ EV+4 Dex+2}
   (You found it on level 15 of the Dungeon)

   [ring of evasion]

   EV:        It affects your evasion (+4).
   Dex:       It affects your dexterity (+2).
   rC:        It protects you from cold.
 B - a ring of protection from fire
 C - an amulet of magic regeneration (around neck)
 F - a ring of wizardry (right paw)
 J - a +6 ring of intelligence
 K - a ring of willpower
 P - a ring of poison resistance
 Q - the ring of Suspicion (left paw) {rPois rC+ Will+ MP+9 Dex+6}
   (You bought it in a shop on level 5 of the Lair of Beasts)

   [ring of dexterity]

   Dex:       It affects your dexterity (+6).
   rC:        It protects you from cold.
   rPois:     It protects you from poison.
   MP:        It affects your magic capacity (+9).
   Will:      It increases your willpower.
 V - the ring of Vuocvumux {Fire rElec rN+}
   (You found it on level 15 of the Dungeon)

   [ring of fire]

   It enhances your fire magic.
   rF:        It protects you from fire.
   rC:        It makes you vulnerable to cold.
   rElec:     It insulates you from electricity.
   rN:        It protects you from negative energy.
 W - a ring of protection from cold
Wands
 h - a wand of digging (17)
 m - a wand of roots (29)
 t - a wand of paralysis (8)
 D - a wand of mindburst (9)
 H - a wand of acid (4)
 I - a wand of flame (38)
 X - a wand of polymorph (7)
Scrolls
 a - 7 scrolls of magic mapping
 b - 5 scrolls of poison
 d - 4 scrolls of torment
 i - 8 scrolls of fog
 l - 7 scrolls of vulnerability
 o - 7 scrolls of teleportation
 q - 5 scrolls of summoning
 r - 2 scrolls of fear
 s - 6 scrolls of blinking
 R - 3 scrolls of immolation
 S - 3 scrolls of silence
Potions
 c - 9 potions of brilliance
 e - 2 potions of ambrosia
 f - 2 potions of resistance
 g - 3 potions of berserk rage
 j - 3 potions of invisibility
 k - 6 potions of degeneration
 n - 20 potions of curing
 v - 5 potions of mutation
 x - 5 potions of lignification
 z - 6 potions of attraction
 A - 2 potions of flight
 E - 2 potions of magic
 G - 5 potions of might
 L - a potion of experience
 N - 2 potions of cancellation
 O - 5 potions of haste
 T - 2 potions of heal wounds
Miscellaneous
 M - a condenser vane
 U - a piece from Xom's chessboard (15/15)


   Skills:
 - Level 15.0 Fighting
 - Level 19.0 Dodging
 - Level 2.6 Stealth
 + Level 7.1 Unarmed Combat
 - Level 13.0 Spellcasting
 - Level 10.0 Hexes
 - Level 14.0 Summonings
 + Level 7.8 Translocations
 + Level 11.6 Transmutations
 + Level 11.1 Air Magic


You had 4 spell levels left.
You knew the following spells:

 Your Spells              Type           Power      Damage    Failure   Level
a - Manifold Assault      Tloc           56%        N/A       1%          4
b - Wereblood             Tmut           69%        N/A       1%          2
c - Call Canine Familiar  Summ           75%        N/A       1%          3
d - Summon Guardian Gole  Hex/Summ       70%        N/A       1%          3
e - Summon Lightning Spi  Summ/Air       71%        N/A       1%          4
f - Summon Mana Viper     Hex/Summ       70%        N/A       1%          5
g - Monstrous Menagerie   Summ           37%        N/A       3%          7
h - Blink                 Tloc           100%       N/A       1%          2
i - Storm Form            Tmut/Air       34%        N/A       11%         7

Your spell library contained the following spells:

 Spells                   Type           Power      Damage    Failure   Level
 Summon Small Mammal      Summ           100%       N/A       0%          1
 Call Imp                 Summ           75%        N/A       0%          2
 Apportation              Tloc           100%       N/A       1%          1
 Magic Dart               Conj           68%        1d6       1%          1
 Necrotise                Necr           68%        1d7       1%          1
 Sandblast                Erth           34%        2d9       1%          1
 Shock                    Conj/Air       100%       1d9       1%          1
 Cigotuvi's Dreadful Rot  Necr/Pois/Air  74%        N/A       1%          2
 Momentum Strike          Conj/Tloc      76%        3d10      1%          2
 Poisonous Vapours        Pois/Air       94%        N/A       1%          2
 Searing Ray              Conj           34%        2d5       1%          2
 Sublimation of Blood     Necr           17%        N/A       1%          2
 Inner Flame              Hex/Fire       44%        N/A       1%          3
 Kindle Blastsparks       Fire/Tloc/Air  100%       2d18      1%          3
 Lesser Beckoning         Tloc           100%       N/A       1%          3
 Mephitic Cloud           Conj/Pois/Air  37%        N/A       1%          3
 Vhi's Electric Charge    Tloc/Air       100%       N/A       1%          3
 Airstrike                Air            33%        2d(5-21)  1%          4
 Cause Fear               Hex            32%        N/A       1%          4
 Fulminant Prism          Conj/Hex       22%        3d12      1%          4
 Ice Form                 Ice/Tmut       48%        N/A       1%          4
 Leda's Liquefaction      Hex/Erth       22%        N/A       1%          4
 Passage of Golubria      Tloc           56%        N/A       1%          4
 Petrify                  Tmut/Erth      48%        N/A       1%          4
 Summon Ice Beast         Ice/Summ       53%        N/A       1%          4
 Iskenderun's Mystic Bla  Conj/Tloc      38%        2d9       2%          4
 Frozen Ramparts          Ice            34%        1d6       4%          3
 Hailstorm                Conj/Ice       17%        3d6       4%          3
 Ozocubu's Armour         Ice            17%        N/A       4%          3
 Flame Wave               Conj/Fire      17%        2d7       12%         4
 Sticky Flame             Conj/Fire      17%        2d4       12%         4
 Summon Forest            Summ/Tloc      33%        N/A       1%          5
 Summon Cactus Giant      Summ           37%        N/A       1%          6
 Alistair's Intoxication  Tmut/Pois      32%        N/A       3%          5
 Summon Hydra             Summ           37%        N/A       3%          7
 Metabolic Englaciation   Hex/Ice        22%        N/A       4%          5
 Freezing Cloud           Conj/Ice/Air   18%        6-21      8%          5
 Dragon Form              Tmut           34%        N/A       9%          7
 Eringya's Noxious Bog    Tmut/Pois      24%        N/A       17%         6
 Statue Form              Tmut/Erth      32%        N/A       17%         6
 Conjure Ball Lightning   Conj/Air       23%        3x3d6     19%         6
 Borgnjor's Vile Clutch   Necr/Erth      8%         N/A       32%         5
 Fireball                 Conj/Fire      8%         3d6       32%         5
 Iskenderun's Battlesphe  Conj           17%        2d7       32%         5
 Lee's Rapid Deconstruct  Erth           8%         3d7*      32%         5
 Haunt                    Necr/Summ      26%        N/A       50%         7
 Spellforged Servitor     Conj/Summ      26%        N/A       50%         7
 Discord                  Hex            32%        N/A       77%         8
 Death Channel            Necr           8%         N/A       86%         6
 Iron Shot                Conj/Erth      8%         9d3       86%         6
 Disjunction              Tloc           28%        N/A       96%         8
 Dragon's Call            Summ           37%        N/A       98%         9
 Orb of Destruction       Conj           8%         9d6       100%        7
 Ozocubu's Refrigeration  Ice            8%         4d9       100%        7
 Animate Armour           Summ/Erth      Unusable   N/A       N/A         4
 Simulacrum               Ice/Necr       Unusable   N/A       N/A         6

Dungeon Overview and Level Annotations

Branches:
Dungeon (15/15)            Temple (1/1) D:6            Lair (5/5) D:8
  Swamp (4/4) Lair:3        Snake (4/4) Lair:3        Slime (1/5) Lair:4
    Orc (2/2) D:10            Elf (1/3) Orc:2        Vaults (0/5) D:13
 Depths (0/4) D:15          IceCv (visited)

Altars:
Ashenzari
Cheibriados
Dithmenos
Elyvilon
Fedhas
Gozag
Hepliaklqana
Kikubaaqudgha
Makhleb
Nemelex Xobeh
Okawaru
Qazlal
Ru
Sif Muna
Trog
Uskayaw
Vehumet
Wu Jian
Xom
Yredelemnul
Zin
The Shining One
Jiyva

Shops:
D:9 *   D:12 ((*[   D:13 :   D:14 *   D:15 =?!   Orc:2 (?=:   Lair:5 =:=
Snake:2 *[   Snake:4 [!!

Portals:
Trove: D:10 (give 12 potions of heal wounds)

Annotations:
Lair:2 3 runed translucent doors
Swamp:4 Lernaean hydra


Innate Abilities, Weirdness & Mutations

You are a lightning-filled tempest!
Your electrical attacks strike out in all directions at once.
You are incredibly evasive.
Your insubstantial body is immune to petrification, constriction, and being set on fire You are flying.
((You have sharp claws.))
((You have razor-sharp teeth.))
You have supernaturally acute eyesight. (SInv)
((You cover ground quickly. (Speed+)))
((Your thick and shaggy fur keeps you warm. (AC +3, rC+)))
((Your paws help you pounce on unaware monsters.))
You are incapable of wielding weapons or throwing items.
You cannot wear armour.
You gain extra lives every three experience levels.
Your mind is acute. (Int +4, Str/Dex -1)
((Your system is resistant to poisons. (rPois)))
You are weak. (Str -2)
You occasionally lose the ability to read scrolls when taking damage.


Message History

The 27-headed Lernaean hydra completely misses you.
The 27-headed Lernaean hydra bites you.
The 27-headed Lernaean hydra bites you but does no damage.
The 27-headed Lernaean hydra misses you.
The 27-headed Lernaean hydra completely misses you.
The 27-headed Lernaean hydra bites you!
The 27-headed Lernaean hydra bites you but does no damage. x2
The 27-headed Lernaean hydra completely misses you.
The 27-headed Lernaean hydra bites you but does no damage.
The 27-headed Lernaean hydra completely misses you. x2
The 27-headed Lernaean hydra bites you! x2
The 27-headed Lernaean hydra bites you.
* * * LOW HITPOINT WARNING * * *
The 27-headed Lernaean hydra completely misses you. x2
The 27-headed Lernaean hydra bites you but does no damage.
The 27-headed Lernaean hydra misses you.
Press: ? - help, v - describe, . - travel
Here: the 27-headed Lernaean hydra The floor.
Okay, then.
You fade into invisibility!
The 27-headed Lernaean hydra misses you.
The 27-headed Lernaean hydra completely misses you. x2
The 27-headed Lernaean hydra misses you.
The 27-headed Lernaean hydra bites you but does no damage.
The 27-headed Lernaean hydra completely misses you.
The 27-headed Lernaean hydra bites you.
* * * LOW HITPOINT WARNING * * *
The 27-headed Lernaean hydra closely misses you.
The 27-headed Lernaean hydra bites you.
* * * LOW HITPOINT WARNING * * *
The 27-headed Lernaean hydra bites you!
You feel threatened and lose the ability to read scrolls!
* * * LOW HITPOINT WARNING * * *
The 27-headed Lernaean hydra completely misses you. x4
The 27-headed Lernaean hydra closely misses you.
The 27-headed Lernaean hydra completely misses you. x5
The 27-headed Lernaean hydra bites you!
You die...
Your body crumbles into a pile of gold.

...#..~⌠#
PD.PP...#.
(~○.8..~..
~○○kk8x.#
.#DDD.n##.
#+####
~○○°k(D~D.
+....##
..~#☼n~D#~
#.....#
..~#~D...P
#.DφD.#
...# .....
#..v./#
..#. #...#
##..$## ..
~ ....
##### ♣♣ ♣
♣♣♣ .♣ ..♣
$.♣ ~.. .♣


You could see the 27-headed Lernaean hydra (unable to see you) and a swamp
dragon (wandering, unable to see you).

Vanquished Creatures
  Mlioglotl (Snake:2)
  An eleionoma (Swamp:3)
  2 fire dragons
  A vault guard (D:15)
  2 hydras
  A centaur warrior (D:15)
  4 anacondas
  A two-headed ogre (D:10)
  A naga warrior (Snake:4)
  An alligator (Swamp:2)
  2 tengu warriors
  2 deep troll shamans (D:15)
  3 naga sharpshooters
  2 shock serpents
  A deep elf knight (D:15)
  A skeletal warrior (D:13)
  A bog body (Swamp:4)
  4 naga ritualists (Snake:4)
  An obsidian statue (D:14)
  A deep elf zephyrmancer (D:15)
  A wolf spider zombie (D:15)
  A wizard (D:15)
  2 will-o-the-wisps
  2 nameless horrors
  4 mana vipers
  An ugly thing (D:12)
  2 deep elf pyromancers (D:15)
  2 cyclopes
  3 salamanders (Snake:4)
  An elephant (Lair:2)
  12 black mambas
  A cane toad (Lair:5)
  6 naga magi
  An unseen horror (D:13)
  3 freezing wraiths
  2 tengu conjurers
  A hornet (Swamp:3)
  3 slime creatures (D:15)
  3 tyrant leeches
  A centaur simulacrum (D:15)
  A hog (shapeshifter) (D:15)
  2 vampire mosquitoes (Swamp:3)
  14 nagas
  4 swamp worms (Swamp:2)
  An acid dragon (D:14)
  A swamp drake (Swamp:4)
  A water moccasin (Lair:5)
  3 floating eyes (D:15)
  2 centaurs (D:15)
  A bullfrog (Lair:2)
  5 electric eels (D:11)
  A giant cockroach (D:3)
  2 kobolds
  A goblin (D:2)
124 creatures vanquished.

Vanquished Creatures (collateral kills)
  Vashnia (Snake:2)
  Frances (D:14)
  Gastronok (Orc:1)
  A fenstrider witch (Swamp:1)
  A nagaraja (Snake:3)
  4 nameless horrors
  A frost giant (D:15)
  2 eleionomae
  The ghost of McMuffin the Carver, a journeyman DsRe of Gozag (Snake:1)
  A fire dragon (Lair:5)
  A yaktaur captain (D:15)
  6 ogre magi
  4 vault guards
  7 hydras
  6 centaur warriors
  5 anacondas
  3 ghost crabs
  6 two-headed ogres
  2 death knights
  8 boulder beetles
  A catoblepas (Lair:5)
  8 death yaks (Lair:5)
  3 alligators
  8 naga warriors
  6 tengu warriors
  An orc high priest (Orc:2)
  Urug (D:12)
  A shock serpent (Snake:2)
  13 naga sharpshooters
  7 skeletal warriors
  3 salamander mystics (Snake:4)
  5 goliath frogs
  6 swamp dragons
  3 naga ritualists
  4 bog bodies
  A phantasmal warrior (D:15)
  3 lindwurms (Lair:5)
  A wolf spider zombie (D:15)
  4 orc knights
  3 deep elf pyromancers
  7 orc sorcerers
  A deep elf zephyrmancer (D:15)
  A necromancer (D:15)
  6 mana vipers
  5 cyclopes
  3 will-o-the-wisps
  2 ugly things (D:15)
  3 manticores
  4 salamanders
  25 black mambas
  A centaur zombie (D:15)
  3 guardian serpents (Snake:4)
  A centaur skeleton (D:15)
  3 elephants
  2 naga magi
  9 cane toads
  A cane toad (shapeshifter) (D:14)
  A kobold demonologist (D:11)
  4 unseen horrors
  Maggie (D:9)
  13 komodo dragons
  2 freezing wraiths
  A tengu conjurer (D:15)
  8 polar bears
  7 trolls
  5 hornets
  2 tyrant leeches
  4 slime creatures
  12 dream sheep
  3 raiju (Lair:5)
  6 spriggans
  A jumping spider (Lair:2)
  3 wraiths
  3 shadows
  5 wyverns
  2 centaur simulacra (D:15)
  30 yaks
  4 vampires
  8 basilisks
  3 hogs (Lair:4)
  3 steam dragons
  10 vampire mosquitoes
  6 wargs
  18 nagas
  5 swamp worms
  14 hell hounds (Lair:5)
  Duvessa (D:5)
  2 acid dragons (Lair:5)
  A floating eye (D:15)
  13 water moccasins
  19 orc warriors
  2 swamp drakes (Lair:5)
  3 sky beasts
  4 ice beasts
  10 black bears
  37 wolves
  2 boggarts (D:15)
  4 centaurs
  5 ogres
  4 phantoms
  5 kobold brigands
  2 gnoll sergeants
  13 bullfrogs
  3 scorpions
  A cane toad simulacrum (Lair:5)
  A wight (D:7)
  An elephant simulacrum (Lair:5)
  5 killer bees
  4 howler monkeys
  2 electric eels
  A bullfrog zombie (D:7)
  18 orc priests
  3 jellies
  Terence (D:2)
  A gnoll bouda (Orc:1)
  7 iguanas
  33 orc wizards
  2 wolf simulacra (Lair:5)
  A killer bee zombie (D:7)
  5 ogre zombies (D:10)
  Robin (D:2)
  15 gnolls
  2 adders
  A white imp (D:4)
  4 ufetubi
  A worm (D:2)
  4 dart slugs
  76 orcs
  6 bats
  7 endoplasms
  3 giant cockroaches
  9 hobgoblins
  4 jackals (D:2)
  26 kobolds
  A quokka (D:4)
  8 ball pythons
  4 frilled lizards
  14 goblins
  3 goblin skeletons (D:4)
  5 goblin zombies
  3 hobgoblin zombies
  A kobold skeleton (D:4)
  3 kobold zombies (D:4)
  2 orc skeletons (D:10)
  14 orc zombies
  2 rats (D:2)
840 creatures vanquished.

Vanquished Creatures (others)
  Kirke (Lair:4)
  Donald (Orc:1)
  Nessos (D:12)
  A salamander tyrant (Snake:4)
  A hydra (Lair:5)
  7 vault guards (D:13)
  A catoblepas (Lair:1)
  2 boulder beetles
  2 naga sharpshooters
  2 death yaks (Lair:5)
  A shock serpent (Snake:3)
  An orc high priest (Orc:2)
  3 skeletal warriors (D:12)
  2 cyclopes (D:11)
  A manticore (D:11)
  A will-o-the-wisp (Swamp:3)
  2 black mambas
  4 komodo dragons
  4 bloated husks
  A troll (D:11)
  3 polar bears (Lair:5)
  2 tarantellas (Lair:2)
  A vampire (D:13)
  Eustachio (D:6)
  A hog (Lair:4)
  4 yaks
  A steam dragon (D:8)
  2 humans (Lair:4)
  A redback (Lair:2)
  A vampire mosquito (Lair:3)
  An acid dragon (D:11)
  2 nagas
  A nameless horror (D:9)
  A water moccasin (D:8)
  An orc warrior (D:7)
  4 black bears
  3 ogres
  10 wolves
  3 centaurs
  A scorpion (D:4)
  Dowan (D:5)
  A troll zombie (D:10)
  A killer bee (D:8)
  A howler monkey (D:12)
  An orc priest (Orc:2)
  A hound (D:4)
  A gnoll bouda (D:4)
  An iguana (D:4)
  An orc wizard (D:6)
  5 gnolls (D:4)
  5 orcs
  A ball python (D:4)
  An endoplasm (D:4)
  3 giant cockroaches (D:4)
  A kobold (D:4)
  3 bushes
  27 foxfires
  40 fungi
  89 plants
  2 starspawn tentacles (Snake:2)
  4 withered plants (D:7)
273 creatures vanquished.

Grand Total: 1237 creatures vanquished

Notes
Turn   | Place    | Note
-------+----------+-------------------------------------------
     0 | D:1      | NinjaNoafa the Felid Summoner began the quest for the Orb.
     0 | D:1      | Reached XP level 1. HP: 7/7 MP: 4/4
   186 | D:1      | Reached XP level 2. HP: 9/11 MP: 3/6
   334 | D:1      | Learned a level 2 spell: Call Imp
   927 | D:1      | Reached XP level 3. HP: 8/14 MP: 7/7
  1087 | D:2      | Learned a level 3 spell: Call Canine Familiar
  1816 | D:2      | Noticed Robin
  1829 | D:2      | Killed Robin
  1830 | D:2      | Reached skill level 5 in Summonings
  1830 | D:2      | Reached XP level 4. HP: 18/18 MP: 2/9
  1967 | D:2      | Noticed Terence
  2004 | D:2      | Killed Terence
  2189 | D:2      | Identified the +1 pair of boots of the Desert {rN+ Dex+2
                  | SInv}
  2380 | D:3      | Noticed a water moccasin
  2392 | D:3      | Learned a level 3 spell: Summon Guardian Golem
  2424 | D:3      | Reached skill level 1 in Hexes
  2472 | D:3      | Found a blossoming altar of Fedhas.
  2556 | D:3      | Reached XP level 5. HP: 17/21 MP: 3/11
  2830 | D:3      | Found a shadowy altar of Dithmenos.
  3082 | D:3      | Found an iron altar of Okawaru.
  3159 | D:3      | Killed a water moccasin
  3392 | D:4      | Noticed an ogre
  3401 | D:4      | Killed an ogre
  3402 | D:4      | Gained mutation: You are covered in thick fur. (AC +2)
                  | [Felid growth]
  3402 | D:4      | Reached XP level 6. HP: 24/24 MP: 6/13
  3731 | D:4      | Found a radiant altar of Vehumet.
  3744 | D:4      | Reached skill level 5 in Hexes
  3824 | D:4      | Found a glowing golden altar of the Shining One.
  3851 | D:4      | Reached XP level 7. HP: 27/27 MP: 2/14
  4183 | D:4      | Found a shimmering altar of Xom.
  4273 | D:4      | Found a burning altar of Makhleb.
  4273 | D:4      | Noticed an Executioner
  4918 | D:5      | Entered Level 5 of the Dungeon
  4951 | D:5      | Found a sacrificial altar of Ru.
  4961 | D:5      | Reached skill level 5 in Spellcasting
  5096 | D:5      | Noticed Dowan
  5098 | D:5      | Noticed Duvessa
  5110 | D:5      | Killed Dowan
  5121 | D:5      | Killed Duvessa
  5159 | D:5      | Reached XP level 8. HP: 31/31 MP: 10/17
  5497 | D:5      | Killed from afar by an orc priest
  5498 | D:5      | Reached XP level 7. HP: 0/27 MP: 21/25
  5500 | D:5      | Found a sparkling altar of Nemelex Xobeh.
  5500 | D:5      | Found an opulent altar of Gozag.
  5558 | D:5      | Became a worshipper of Gozag Ym Sagoz the Greedy
  5565 | D:5      | Reached skill level 3 in Dodging
  5647 | D:5      | Reached skill level 1 in Fighting
  6578 | D:6      | Found a staircase to the Ecumenical Temple.
  6629 | Temple   | Entered the Ecumenical Temple
  6762 | D:6      | Reached skill level 4 in Dodging
  6762 | D:6      | Reached XP level 8. HP: 33/33 MP: 18/18
  7076 | D:7      | Found an ornate altar of the Wu Jian Council.
  7239 | D:6      | Noticed Eustachio
  7246 | D:6      | Killed Eustachio
  7611 | D:6      | Reached skill level 5 in Dodging
  8032 | D:7      | Reached XP level 9. HP: 38/38 MP: 19/20
  8213 | D:7      | Found a bloodstained altar of Trog.
  8758 | D:7      | Reached skill level 6 in Dodging
  9515 | D:8      | Learned a level 4 spell: Summon Lightning Spire
  9813 | D:8      | Noticed a komodo dragon
  9820 | D:8      | Noticed a komodo dragon
  9834 | D:8      | Killed a komodo dragon
  9835 | D:8      | Reached skill level 1 in Air Magic
  9848 | D:8      | Killed a komodo dragon
  9849 | D:8      | Reached skill level 10 in Summonings
  9849 | D:8      | Reached XP level 10. HP: 42/42 MP: 23/23
 10062 | D:8      | Found a staircase to the Lair.
 10272 | Lair:1   | Entered Level 1 of the Lair of Beasts
 10272 | Lair:1   | Noticed a catoblepas
 10325 | Lair:1   | Killed a catoblepas
 10411 | Lair:1   | Reached skill level 5 in Air Magic
 10480 | Lair:1   | Noticed a cane toad
 10495 | Lair:1   | Noticed a black mamba
 10506 | Lair:1   | Killed a cane toad
 10515 | Lair:1   | Killed a black mamba
 10516 | Lair:1   | Reached skill level 10 in Spellcasting
 10620 | Lair:1   | Noticed a cane toad
 10626 | Lair:1   | Killed a cane toad
 10658 | Lair:1   | Got Sif Muna's Compilation of Airy Geology
 10728 | Lair:1   | Noticed a boulder beetle
 10769 | Lair:1   | Noticed a cane toad
 10772 | Lair:1   | Mangled by a boulder beetle
 10773 | Lair:1   | Reached XP level 9. HP: -11/39 MP: 33/33
 10794 | Lair:1   | Noticed a komodo dragon
 10823 | Lair:1   | Killed a cane toad
 10824 | Lair:1   | Reached XP level 10. HP: 19/42 MP: 25/25
 10905 | Lair:1   | Killed a boulder beetle
 11017 | Lair:1   | Reached skill level 7 in Dodging
 11470 | Lair:2   | Identified a scroll of acquirement
 11477 | Lair:2   | Acquired 1163 gold pieces
 11514 | Lair:2   | Found a runed translucent door.
 11522 | Lair:2   | Noticed a black mamba
 11526 | Lair:2   | Killed a black mamba
 11527 | Lair:2   | Reached skill level 5 in Fighting
 11690 | Lair:2   | Reached skill level 8 in Dodging
 11958 | Lair:2   | Noticed a cane toad
 11966 | Lair:2   | Killed a cane toad
 12065 | Lair:2   | Reached skill level 9 in Dodging
 12065 | Lair:2   | Reached XP level 11. HP: 49/49 MP: 26/26
 12864 | Lair:2   | Found a runed translucent gate.
 12864 | Lair:2   | Found a runed translucent gate.
 12864 | Lair:2   | Found a runed translucent gate.
 12864 | Lair:2   | Found a runed translucent gate.
 12864 | Lair:2   | Found a runed translucent gate.
 12864 | Lair:2   | Found a runed translucent gate.
 12864 | Lair:2   | Noticed a lindwurm
 12866 | Lair:2   | Noticed a boulder beetle
 12893 | Lair:2   | Killed a boulder beetle
 12894 | Lair:2   | Reached skill level 10 in Dodging
 12929 | Lair:3   | Noticed a boulder beetle
 13521 | Lair:3   | Reached skill level 11 in Dodging
 13567 | Lair:3   | Killed a boulder beetle
 13821 | Lair:3   | Reached skill level 12 in Dodging
 14194 | Lair:3   | Gained mutation: Your thick and shaggy fur keeps you warm.
                  | (AC +3, rC+) [Felid growth]
 14194 | Lair:3   | Reached XP level 12. HP: 57/57 MP: 27/27
 14387 | Lair:3   | Found a staircase to the Swamp.
 14480 | Lair:3   | Found a staircase to the Snake Pit.
 14773 | Lair:4   | Noticed Kirke
 14821 | Lair:4   | Reached skill level 13 in Dodging
 14834 | Lair:4   | Killed Kirke
 14835 | Lair:4   | Reached skill level 10 in Fighting
 14961 | Lair:4   | Found a viscous altar of Jiyva.
 14961 | Lair:4   | Found a staircase to the Slime Pits.
 15450 | Lair:4   | Identified the +8 hand axe of Fobrumil {holy, rF+ rC+}
 15931 | Lair:5   | Entered Level 5 of the Lair of Beasts
 16067 | Lair:4   | Demolished by a cane toad
 16068 | Lair:4   | Reached XP level 11. HP: -16/55 MP: 35/35
 16363 | Lair:5   | Found a frozen archway.
 16395 | IceCv    | Entered an ice cave
 16413 | IceCv    | Reached skill level 14 in Dodging
 17051 | Lair:5   | Noticed a boulder beetle
 17088 | Lair:5   | Killed a boulder beetle
 17104 | Lair:5   | Bought a book of Beasts for 532 gold pieces
 17114 | Lair:4   | Learned a level 5 spell: Summon Mana Viper
 17147 | Slime:1  | Entered Level 1 of the Pits of Slime
 17219 | Lair:5   | Noticed a lindwurm
 17227 | Lair:5   | Killed a lindwurm
 17228 | Lair:5   | Reached XP level 12. HP: 31/60 MP: 27/27
 17228 | Lair:5   | Noticed a death yak
 17244 | Lair:5   | Killed a death yak
 17330 | Lair:5   | Identified the +0 robe of Dishonour {rN+ Int+2}
 17356 | Lair:5   | Noticed a boulder beetle
 17363 | Lair:5   | Killed a boulder beetle
 17369 | Lair:5   | Noticed a death yak
 17375 | Lair:5   | Killed a death yak
 17376 | Lair:5   | Noticed a death yak
 17377 | Lair:5   | Noticed a death yak
 17379 | Lair:5   | Noticed a death yak
 17380 | Lair:5   | Noticed a death yak
 17392 | Lair:5   | Killed a death yak
 17395 | Lair:5   | Killed a death yak
 17396 | Lair:5   | Reached skill level 15 in Dodging
 17396 | Lair:5   | Killed a death yak
 17401 | Lair:5   | Killed a death yak
 17542 | Lair:5   | Noticed a six-headed hydra
 17557 | Lair:5   | Killed a six-headed hydra
 18176 | Lair:5   | Noticed a six-headed hydra
 18198 | Lair:5   | Killed a six-headed hydra
 18483 | D:8      | Noticed a two-headed ogre
 18556 | D:8      | Killed a two-headed ogre
 18685 | D:9      | Noticed Maggie
 18705 | D:9      | Killed Maggie
 19120 | D:9      | Found Duhilay's Assorted Antiques.
 19139 | D:9      | Bought an encrusted coral ring for 105 gold pieces
 19173 | D:9      | Found a glowing silver altar of Zin.
 19721 | D:9      | Reached XP level 13. HP: 64/64 MP: 24/28
 20059 | D:10     | Entered Level 10 of the Dungeon
 20270 | D:10     | Reached skill level 10 in Hexes
 20286 | D:10     | Found a staircase to the Orcish Mines.
 20500 | D:10     | Reached skill level 16 in Dodging
 20602 | D:10     | Found a portal to a secret trove of treasure.
 21009 | D:10     | Found a white marble altar of Elyvilon.
 21423 | Orc:1    | Entered Level 1 of the Orcish Mines
 21499 | Orc:1    | Noticed Gastronok
 21514 | Orc:1    | Killed Gastronok
 22193 | Orc:2    | Entered Level 2 of the Orcish Mines
 22195 | Orc:2    | Found a staircase to the Elven Halls.
 23260 | D:11     | HP: 1/66 [centaur warrior/arrow (22)]
 23616 | D:11     | Reached skill level 17 in Dodging
 23995 | D:12     | Found Esihaf's Antique Weapon Emporium.
 24102 | D:12     | Found Wuexkeec's General Store.
 24124 | D:12     | Bought a condenser vane for 440 gold pieces
 24327 | D:12     | Found Amyas's Weapon Emporium.
 24473 | D:12     | Noticed Nessos
 24483 | D:12     | Killed Nessos
 24701 | D:12     | Noticed Urug
 24728 | D:12     | Killed Urug
 24920 | D:12     | Found Biciatto's Armour Shoppe.
 25308 | D:11     | You fall into a shaft and drop 3 floors!
 25325 | D:14     | Learned a level 7 spell: Monstrous Menagerie
 25339 | D:13     | Noticed a nameless horror
 25424 | D:12     | Reached XP level 14. HP: 70/71 MP: 17/29
 26423 | D:12     | Killed a nameless horror
 26573 | D:13     | Reached skill level 18 in Dodging
 26630 | D:13     | Found Juiruxef's Tremendous Tomes.
 26644 | D:13     | Learned a level 4 spell: Cause Fear
 26864 | D:13     | Found a gate to the Vaults.
 26872 | D:13     | Got Zykoup's Reference Book on Wicked Secrets
 26957 | D:13     | Learned a level 4 spell: Airstrike
 27004 | D:13     | Identified the +1 leather armour of Qiadunt {rElec rC+
                  | Str-5}
 27039 | D:13     | Identified the +8 short sword of the Blue Skies {venom,
                  | Int+2 Dex+3}
 27965 | Lair:5   | Bought the Codex of the Storm for 392 gold pieces
 28338 | Lair:5   | Reached skill level 1 in Transmutations
 29039 | Lair:5   | Bought the ring of Suspicion {rPois rC+ Will+ MP+9 Dex+6}
                  | for 1337 gold pieces
 30437 | Orc:2    | Noticed Donald
 30458 | Orc:1    | Killed Donald
 30696 | Orc:2    | Found Cyow's Book Shop.
 30755 | Orc:2    | Found Duekk's Magic Scroll Shoppe.
 31336 | D:9      | Bought a scroll of identify for 42 gold pieces
 31336 | D:9      | Bought a scroll of blinking for 157 gold pieces
 31336 | D:9      | Bought a scroll of immolation for 84 gold pieces
 31336 | D:9      | Bought a potion of brilliance for 84 gold pieces
 31445 | D:12     | Bought a scroll of poison for 44 gold pieces
 31445 | D:12     | Bought a scroll of silence for 104 gold pieces
 31445 | D:12     | Bought a scroll of vulnerability for 44 gold pieces
 31445 | D:12     | Bought a wand of paralysis (3) for 79 gold pieces
 31628 | Orc:2    | Reached skill level 19 in Dodging
 32367 | Orc:2    | Reached skill level 15 in Fighting
 32367 | Orc:2    | Reached XP level 15. HP: 67/77 MP: 30/30
 32540 | Orc:2    | Found Yjim's Jewellery Emporium.
 32555 | Orc:2    | Bought a ring of wizardry for 450 gold pieces
 32587 | Orc:2    | Found an ancient bone altar of Kikubaaqudgha.
 32637 | Orc:2    | Found Omesmit's Magic Scroll Emporium.
 32665 | Orc:2    | Bought a scroll of identify for 28 gold pieces
 32665 | Orc:2    | Bought a scroll of magic mapping for 105 gold pieces
 32665 | Orc:2    | Bought a scroll of identify for 28 gold pieces
 32665 | Orc:2    | Bought a scroll of identify for 28 gold pieces
 32670 | Orc:2    | Found a radiant altar of Vehumet.
 32674 | Orc:2    | Bought a scroll of acquirement for 728 gold pieces
 32752 | Orc:2    | Acquired 573 gold pieces
 32793 | Orc:2    | Found Lantai's Antique Weapon Emporium.
 32893 | Orc:2    | Bought a scroll of silence for 123 gold pieces
 32893 | Orc:2    | Bought a scroll of teleportation for 39 gold pieces
 32893 | Orc:2    | Bought a scroll of magic mapping for 97 gold pieces
 32893 | Orc:2    | Bought a scroll of summoning for 123 gold pieces
 32893 | Orc:2    | Bought a scroll of identify for 26 gold pieces
 32893 | Orc:2    | Bought a scroll of immolation for 52 gold pieces
 32893 | Orc:2    | Bought a scroll of vulnerability for 52 gold pieces
 34294 | Snake:1  | Entered Level 1 of the Snake Pit
 34642 | Swamp:1  | Entered Level 1 of the Swamp
 35123 | D:13     | Bought the Secrets of the Map and Clay for 1170 gold pieces
 35127 | D:13     | Learned a level 2 spell: Blink
 35475 | Swamp:1  | Killed by an exploding bloated husk
 35476 | Swamp:1  | Reached XP level 14. HP: -7/73 MP: 29/38
 35476 | Swamp:1  | Reached XP level 15. HP: 77/77 MP: 30/30
 35516 | Swamp:1  | Reached skill level 5 in Transmutations
 35627 | Swamp:1  | Noticed a fenstrider witch
 35633 | Swamp:1  | Killed a fenstrider witch
 36049 | Swamp:1  | Identified the +7 war axe "Efai" {drain, rPois}
 37261 | Snake:1  | Found a runed translucent door.
 37261 | Snake:1  | Noticed McMuffin's ghost (journeyman DsRe)
 37368 | Snake:1  | Killed McMuffin's ghost
 37714 | Snake:2  | Noticed Vashnia
 37864 | Snake:2  | Learned a level 7 spell: Storm Form
 38647 | Snake:2  | Found Tillem's Antique Armour Shoppe.
 38811 | Snake:2  | Killed Vashnia
 38979 | Snake:2  | Found Niusiac's Mass Market.
 39093 | Snake:2  | Reached XP level 16. HP: 81/81 MP: 31/31
 39107 | Snake:2  | Acquired 419 gold pieces
 39284 | Snake:2  | Noticed Mlioglotl
 39316 | Snake:2  | Noticed a tentacled starspawn
 39867 | D:14     | Found a blossoming altar of Fedhas.
 39966 | D:14     | Found Dkiteani's Desiderata Depot.
 39985 | D:14     | Reached skill level 1 in Unarmed Combat
 39987 | D:14     | Bought a manual of Dodging for 880 gold pieces
 39987 | D:14     | Bought a wand of digging (6) for 277 gold pieces
 40117 | D:13     | Bought the Atlas of Assembled Transposition for 910 gold
                  | pieces
 40124 | D:13     | Learned a level 4 spell: Manifold Assault
 40384 | Lair:5   | Bought a book of Blood for 392 gold pieces
 40677 | D:14     | Noticed Frances
 40689 | D:14     | Killed Frances
 41675 | D:15     | Entered Level 15 of the Dungeon
 42031 | D:15     | Identified the ring of the Hart {rElec Will- Str+2 Dex+6}
 42313 | D:15     | Found a transporter.
 42425 | D:15     | Identified the +1 robe "Pemn" {rCorr Int+4 Stlth-}
 42442 | D:15     | Found Onoeleil's Magic Scroll Emporium.
 42519 | D:15     | Bought a scroll of teleportation for 48 gold pieces
 42519 | D:15     | Bought a scroll of magic mapping for 120 gold pieces
 42772 | D:15     | Learned a level 2 spell: Wereblood
 42956 | D:15     | Found Ipiudam's Jewellery Emporium.
 42983 | D:15     | Gained mutation: Your body sometimes deteriorates upon
                  | taking damage. [potion of mutation]
 42983 | D:15     | Gained mutation: You are clumsy. (Dex -2) [potion of
                  | mutation]
 42984 | D:15     | Lost mutation: Your body sometimes deteriorates upon taking
                  | damage. [potion of mutation]
 42984 | D:15     | Lost mutation: You are clumsy. (Dex -2) [potion of
                  | mutation]
 42984 | D:15     | Gained mutation: You expend magic power (3 MP) to
                  | strengthen your wands. [potion of mutation]
 42984 | D:15     | Gained mutation: You occasionally lose the ability to drink
                  | potions when taking damage. [potion of mutation]
 42984 | D:15     | Gained mutation: You are agile. (Dex +4, Str/Int -1)
                  | [potion of mutation]
 42984 | D:15     | Gained mutation: You possess an exceptional clarity of
                  | mind. [potion of mutation]
 43020 | D:15     | Lost mutation: You are agile. (Dex +4, Str/Int -1) [potion
                  | of mutation]
 43020 | D:15     | Lost mutation: You possess an exceptional clarity of mind.
                  | [potion of mutation]
 43020 | D:15     | Gained mutation: You are frail. (-10% HP) [potion of
                  | mutation]
 43020 | D:15     | Lost mutation: You are frail. (-10% HP) [potion of
                  | mutation]
 43021 | D:15     | Lost mutation: You occasionally lose the ability to drink
                  | potions when taking damage. [potion of mutation]
 43021 | D:15     | Lost mutation: You expend magic power (3 MP) to strengthen
                  | your wands. [potion of mutation]
 43021 | D:15     | Gained mutation: You are weak. (Str -2) [potion of
                  | mutation]
 43021 | D:15     | Gained mutation: Your mind is acute. (Int +4, Str/Dex -1)
                  | [potion of mutation]
 43113 | D:15     | Identified the ring of Tekaz {rC+ EV+4 Dex+2}
 43298 | D:15     | Found a transporter.
 43466 | D:15     | Reached skill level 10 in Transmutations
 43504 | D:15     | Found a staircase to the Depths.
 43671 | D:15     | Found Uwnyuc's Distillery.
 43694 | D:15     | Bought a potion of invisibility for 120 gold pieces
 43694 | D:15     | Bought a potion of haste for 150 gold pieces
 43694 | D:15     | Bought a potion of curing for 45 gold pieces
 43694 | D:15     | Bought a potion of curing for 45 gold pieces
 43694 | D:15     | Bought a potion of invisibility for 120 gold pieces
 43694 | D:15     | Bought a potion of resistance for 150 gold pieces
 43723 | D:15     | Identified the +2 pair of boots of Dishonesty {rF+ MP+9
                  | Dex+4}
 43923 | D:15     | Identified the ring of Vuocvumux {Fire rElec rN+}
 43949 | D:15     | Bought a potion of mutation for 120 gold pieces
 43949 | D:15     | Bought a potion of mutation for 120 gold pieces
 43949 | D:15     | Bought a potion of berserk rage for 75 gold pieces
 44673 | Elf:1    | Entered Level 1 of the Elven Halls
 45405 | Snake:2  | Gained mutation: You occasionally lose the ability to read
                  | scrolls when taking damage. [a neqoxec]
 45417 | Snake:2  | Killed Mlioglotl
 45418 | Snake:2  | Reached skill level 1 in Translocations
 45418 | Snake:2  | Reached skill level 10 in Air Magic
 45611 | Snake:3  | Found a radiant altar of Vehumet.
 45812 | Snake:3  | Reached XP level 17. HP: 61/85 MP: 7/34
 45813 | Snake:3  | Gained mutation: Your system is resistant to poisons.
                  | (rPois) [mutagenic glow]
 46440 | Snake:3  | Reached skill level 5 in Unarmed Combat
 46557 | Snake:4  | Entered Level 4 of the Snake Pit
 46842 | Snake:4  | Reached skill level 5 in Translocations
 47295 | Snake:4  | Found Vuulat's Distillery.
 47304 | Snake:4  | Found Higuinn's Distillery.
 47306 | Snake:4  | Found Vuyghaih's Antique Armour Shop.
 47364 | Snake:4  | Bought a potion of might for 56 gold pieces
 47364 | Snake:4  | Bought a potion of brilliance for 56 gold pieces
 47377 | Snake:4  | Bought a potion of brilliance for 76 gold pieces
 47377 | Snake:4  | Bought a potion of might for 76 gold pieces
 47377 | Snake:4  | Bought a potion of heal wounds for 95 gold pieces
 47767 | Snake:4  | HP: 3/85 [salamander tyrant/flame surge (29)]
 50409 | Swamp:4  | Entered Level 4 of the Swamp
 50759 | Swamp:4  | Slain by a bunyip
 50760 | Swamp:4  | Reached XP level 16. HP: 0/81 MP: 43/43
 50762 | Swamp:4  | Noticed the 27-headed Lernaean hydra
 50763 | Swamp:4  | HP: 4/81 [the 27-headed Lernaean hydra (11)]
 50763 | Swamp:4  | Slain by the 27-headed Lernaean hydra

Illustrated notes

Levels and vault maps discovered:
D:1:      mrwooster_arrival_statue_3, layout_loops_ring
D:2:      layout_basic, minmay_pentomino_z2, uniq_terence, uniq_robin
D:3:      layout_basic, mainiacjoe_overflow_paths, old_standard_altar,
          mainiacjoe_overflow_surrounded_room, chequers_serial_rivers_large_b,
          item_on_display_a
D:4:      layout_loops_ring, xom_confusion_cloud, fiery_altar_vehumet,
          nicolae_tso_besieged_by_evil, makhleb_altar_promises_db,
          lightli_minifort
D:5:      layout_loops_ring, grunt_temple_overflow_opulence,
          mainiacjoe_overflow_chevrons, guppyfry_early_orc_mine, uniq_duvessa
D:6:      layout_gridville, temple_pool_b, minmay_misc_feat_diagonals,
          uniq_eustachio
D:7:      layout_cave_pools, overflow_temple_1_default,
          mainiacjoe_overflow_boulevard, serial_undead, serial_undead_e,
          serial_undead_b, serial_undead_b, serial_undead_b, grunt_ministairs_15
D:8:      layout_loops_ring, erik_lair_dragon, nicolae_hexahallways
D:9:      layout_layer_cave, zin_treasury, serial_shops,
          nicolae_shop_overgrown_old_shop, uniq_maggie
D:10:     layout_irregular_city, elyvilon_altar_3, zombieorc1_lemuel,
          nicolae_trove_entry_columns
D:11:     minmay_polygon_palace, layout_basic
D:12:     layout_stronghold, serial_shops, kennysheep_mini_moat, shop,
          shop_fountains, nicolae_shop_window_shopping, uniq_urug, uniq_nessos
D:13:     layout_long_grid, erik_vaults_2, corexii_hall_statues_x,
          nicolae_shop_i_like_big_books
D:14:     minmay_statue_hallways, layout_basic, dk_noncrumbling_3,
          nicolae_alphabet_shops, fedhas_altar_4, uniq_frances
D:15:     hangedman_spin_cycle
Temple:   hellmonk_temple_micro_hex
Lair:1:   layout_regular_city, chequers_serial_rivers_micro_e
Lair:2:   gammafunk_indiana_jones, layout_gridlike, grunt_megastairs_4
Lair:3:   wander_river, layout_regular_city, minmay_swamp_entry_swarm,
          minmay_snake_entry_guardpost_medium, beast_lair_carwin_2,
          lemuel_fruit_fields
Lair:4:   layout_roguey, slime_entry_1, serial_bayou_shore_a, uniq_kirke
Lair:5:   hangedman_lair_caniforms_friends, layout_cave_pods,
          guppyfry_lair_end_dragon, portal_ice_cave_entry_ice_simulacra,
          grunt_megastairs_5
Swamp:1:  layout_basic_swamp, serial_swamp_ruin, evilmike_swamp_ruin_house_5,
          evilmike_swamp_ruin_rubble_1, swamp_pool1, cheibrodos_swamp_witchery
Swamp:2:  layout_basic_swamp, evilmike_swamp_ruin_rubble_2
Swamp:3:  layout_basic_swamp, evilmike_swamp_ruin_house_3, swamp_pool2,
          nicolae_swamp_catching_bugs
Swamp:4:  grunt_swamp_rune_castle, layout_basic_swamp, swamp_pool3,
          uniq_bai_suzhen, uniq_roxanne
Snake:1:  layout_rooms, hellmonk_ghost_happy_afterlife
Snake:2:  layout_layer_cave, serial_shops, nicolae_shop_crystal,
          minmay_shop_mass, uniq_vashnia, uniq_mlioglotl
Snake:3:  layout_misc_corridors, basic_altar, lemuel_fruit_tree,
          grunt_megastairs_1
Snake:4:  hellmonk_snake_rune_quicksilver_temple, layout_onion_interference,
          minmay_shop_star
Slime:1:  cheibrodos_slime_lost_civilization_9, layout_caves
Orc:1:    layout_caves, mines1_david, uniq_gastronok
Orc:2:    kennysheep_orc_mage_school, layout_caves, serial_shops, shop,
          nicolae_orc_stony_grotto, mines2_lemuel, uniq_donald
Elf:1:    layout_rooms, hangedman_elven_crosses_minicolossus, feat_on_display,
          grunt_megastairs_2, minmay_shoptagon

Skill      XL: |  1  2  3  4  5  6  7  8  9 10 11 12 13 14 15 16 17 |
---------------+----------------------------------------------------+-----
Spellcasting   | 3 4 6 7 8 10 12 13 | 13.0
Summonings     | 5 6 8 10 13 14 | 14.0
Hexes          | 1 4 5 9 10 | 10.0
Dodging        | 4 5 6 9 14 15 17 19 | 19.0
Fighting       | 2 3 4 6 11 12 13 15 | 15.0
Air Magic      | 2 7 9 10 11 | 11.1
Transmutations | 4 9 10 11 | 11.6
Unarmed Combat | 4 7 |  7.1
Translocations | 2 7 |  7.8
Stealth        | |  2.6

Action                   |  1- 3 |  4- 6 |  7- 9 | 10-12 | 13-15 | 16-18 || total
-------------------------+-------+-------+-------+-------+-------+-------++-------
Melee: Unarmed           |     7 |     2 |     3 |    18 |    10 |   364 ||   404
       Bite              |     1 |       |       |     3 |       |     1 ||     5
       Punch             |       |       |       |       |     1 |    25 ||    26
 Cast: Summon Small Mamm |    50 |    36 |   149 |   136 |   154 |       ||   525
       Call Imp          |    11 |    11 |    49 |    55 |    72 |       ||   198
       Call Canine Famil |     3 |    13 |    50 |    66 |   111 |    26 ||   269
       Summon Guardian G |       |     8 |    31 |    60 |    96 |    14 ||   209
       Summon Lightning  |       |       |     2 |    99 |   112 |    10 ||   223
       Summon Mana Viper |       |       |       |    27 |   179 |    53 ||   259
       Airstrike         |       |       |       |       |    26 |       ||    26
       Cause Fear        |       |       |       |       |     4 |       ||     4
       Monstrous Menager |       |       |       |       |    40 |   141 ||   181
       Blink             |       |       |       |       |     5 |     4 ||     9
       Storm Form        |       |       |       |       |     2 |    64 ||    66
       Manifold Assault  |       |       |       |       |       |    65 ||    65
       Wereblood         |       |       |       |       |       |    21 ||    21
Invok: Call Merchant     |       |       |       |     1 |     2 |       ||     3
 Abil: Blinkbolt         |       |       |       |       |     2 |    79 ||    81
Evoke: Wand              |       |       |       |     4 |    15 |     1 ||    20
       Condenser vane    |       |       |       |       |     1 |     1 ||     2
  Use: Potion            |       |     1 |       |     2 |     5 |     8 ||    16
       Scroll            |       |       |     8 |    11 |    27 |     7 ||    53
 Stab: Sleeping          |       |     1 |     1 |       |       |       ||     2
       Distracted        |       |       |       |       |       |    13 ||    13
Armor: Skin              |     2 |     4 |    23 |    48 |    17 |    78 ||   172
Dodge: Dodged            |    24 |    42 |   140 |   456 |   500 |   981 ||  2143

Table legend: (Time is in decaauts)
 A = Elapsed time spent in this place.
 B = Non-inter-level travel time spent in this place.
 C = Inter-level travel time spent in this place.
 D = Time resting spent in this place.
 E = Time spent auto-exploring this place.
 F = Levels seen in this place.
 G = Mean time per level.
                   A        B        C        D        E       F      G
               +--------+--------+--------+--------+--------+-----+--------+
         Total |  45579 |  39902 |   5677 |     16 |  29059 |  34 | 1340.6 |
       Dungeon |  22208 |  19026 |   3182 |      0 |  13664 |  15 | 1480.5 |
        Temple |     21 |     20 |      1 |      0 |     20 |   1 |   21.0 |
          Lair |  11084 |   9381 |   1703 |      0 |   6602 |   5 | 2216.8 |
         Swamp |   3205 |   3075 |    130 |      9 |   2544 |   4 |  801.2 |
     Snake Pit |   5954 |   5536 |    418 |      7 |   4376 |   4 | 1488.5 |
    Slime Pits |      1 |      1 |      0 |      0 |      0 |   1 |    1.0 |
  Orcish Mines |   2680 |   2440 |    240 |      0 |   1628 |   2 | 1340.0 |
   Elven Halls |      2 |      2 |      0 |      0 |      0 |   1 |    2.0 |
      Ice Cave |    420 |    420 |      0 |      0 |    223 |   1 |  420.0 |
               +--------+--------+--------+--------+--------+-----+--------+

Top non-repeatable levels by time:
  Lair:5: 3699 daAuts
     D:8: 2305 daAuts
  Lair:3: 2149 daAuts
    D:15: 2141 daAuts
  Lair:4: 2044 daAuts
    D:11: 2044 daAuts
 Snake:2: 1765 daAuts
  Lair:2: 1748 daAuts
    D:12: 1746 daAuts
    D:10: 1745 daAuts
 Snake:1: 1557 daAuts
    D:14: 1532 daAuts
     D:9: 1470 daAuts
  Lair:1: 1442 daAuts
     D:6: 1420 daAuts
